[Event "GrandPrix_30.05"]
[Site "Chess.com"]
[Date "2020.05.30"]
[Round "1"]
[White "Promacherr"]
[Black "DaVinci81"]
[Result "0-1"]
[WhiteElo "2145"]
[BlackElo "2534"]
[TimeControl "600+2"]
[EndTime "8:24:47 PDT"]
[Termination "DaVinci81 won by checkmate"]

1. d4 d5 2. Bf4 c5 3. e3 Nc6 4.
c3 Qb6 5. Qb3 c4 6. Qc2 Nf6 7.
Nd2 g6 8. e4 dxe4 9. Nxc4 Qd8 10.
Ne5 Bg7 11. Ne2 O-O 12. Ng3 Nd5 13. Nxc6 bxc6 14. Qxe4 Nxf4 15. Qxf4 e5 16. dxe5 Bxe5 17. Qf3 Rb8 18. Bc4 Bxg3 19. hxg3 Qe7+ 20. Kf1 Rxb2 21. Re1 Qc5 22. Rh4 Be6 23. Bxe6 fxe6 24. Rf4 Rxf4 25. Qxf4 Qxc3 26. Rd1 Rb1 27. Rxb1 Qd3+ 28.
Kg1 Qxb1+ 29. Kh2 Qb6 30. Qf6 c5 31. Qe7 Qc6 32. Qxa7 c4 33. Qb8+ Kf7 34. Qa7+ Kf6 35. Qd4+ e5 36. Qd8+ Ke6 37. Qg8+ Kd6 38. Qxh7 Kc5 39.
Qa7+ Kb4 40. Qb8+ Ka3 41. Qb1 Qd5 42. Qxg6 Kxa2 43. Qc2+ Ka3 44. Qc3+ Ka4 45. g4 Qd4 46.
Qc2+ Kb4 47. Qf5 c3 48. g5 Qh4+ 49. Kg1 Qf4 50. Qb1+ Kc4 51. g6 Qg4 52. Qc2 e4 53. Qa4+ Kd3 54. Qb5+ Kd2 55. Qd5+ Kc1 56. Qf7 Qd1+ 57.
Kh2 Qh5+ 58. Kg1 c2 59. Qf6 Qd1+ 60. Kh2 e3 61. Qa1+ Kd2 62. Qd4+ Ke1 63. Qxe3+ Kf1 64. g7 Qh5+ 65. Qh3 Qe5+ 66. Qg3 Qh5+ 67. Qh3 Qd5 68. Qc3 Qxg2# 0-1

[Event "GrandPrix_30.05"]
[Site "Chess.com"]
[Date "2020.05.30"]
[Round "1"]
[White "Kopytkin"]
[Black "AsadliVugar"]
[Result "0-1"]
[WhiteElo "2101"]
[BlackElo "2451"]
[TimeControl "600+2"]
[EndTime "8:24:48 PDT"]
[Termination "AsadliVugar won on time"]

1. e4 e5 2. Nf3 Nc6 3. Bc4 Bc5 4. d3 Nf6 5. Nc3 d6 6. Be3 a6 7. h3 O-O 8. Bg5 h6 9. Bh4 Bb4 10. O-O Bxc3 11. bxc3 Be6 12. Nd2 g5 13. Bg3 Ne7 14. Re1 Ng6 15. d4 Qe7 16. Rb1 b5 17. Bb3 c5 18. Bxe6 Qxe6 19. d5 Qd7 20. Nf1 Kh7 21. Qf3 Ne8 22. Ne3 Ng7 23. Qf6 Qe7 24. Qxe7 Nxe7 25.
f3 f5 26. Bf2 Rfb8 27. a3 Kg6 28. g4 f4 29. Nf1 Nc8 30. Nd2 Nb6 31. Rbc1 Ne8 32.
Red1 Nf6 33. Be1 Nfd7 34. Ra1 Na4 35. Nb3 Nb2 36. Rdb1 Nc4 37. Kf2 Ndb6 38. Ke2 Na4 39. Bd2 h5 40. Rg1 hxg4 41. hxg4 Rh8 42. Rh1 Rxh1 43.
Rxh1 Nxa3 44. Na5 Nc4 45. Nxc4 bxc4 46. Ra1 Nb6 47. Rb1 Nc8 48. Bc1 a5 49. Ba3 Kf6 50. Rb7 a4 51. Kf2 Ra6 52. Rb8 Ne7 53. Ke2 Kf7 54. Rb7 Ke8 55. Rb8+ Kd7 56. Kd2 Ra7 57. Rh8 Rb7 58. Kc1 Ng6 59. Rh7+ Kc8 60. Rh6 Rg7 61.
Kb1 Kd7 62. Bc1 Nh4 63. Ka2 Nxf3 64. Ka3 Ne1 65. Kxa4 Nxc2 66. Kb5 Rf7 67. Rh2 Ne3 68. Ra2 Nxg4 69. Ra7+ Ke8 70. Ra8+ Ke7 71. Kc6 Nf2 72. Ra7+ Kf6 73. Ra2 Nxe4 74. Ra8 g4 0-1

[Event "GrandPrix_30.05"]
[Site "Chess.com"]
[Date "2020.05.30"]
[Round "1"]
[White "tsaruk_maks"]
[Black "DaggiGretarsson"]
[Result "1-0"]
[WhiteElo "2358"]
[BlackElo "2034"]
[TimeControl "600+2"]
[EndTime "8:24:53 PDT"]
[Termination "tsaruk_maks won by resignation"]

1. e4 g6 2. d4 Bg7 3. Nc3 d6 4. Be3 a6 5. Qd2 b5 6. O-O-O Nd7 7. f4 Ngf6 8. e5 Ng4 9. Be2 Nxe3 10.
Qxe3 Nb6 11. Bf3 Rb8 12. h4 h5 13. Nh3 Bxh3 14. Rxh3 e6 15. Bc6+ Kf8 16. d5 Nc4 17. Qe4 dxe5 18. dxe6 Nd6 19. Qb4 exf4 20. Nd5 fxe6 21.
Nxf4 Bh6 22. Kb1 Bxf4 23. Qxf4+ Kg7 24. Rf3 Rf8 25. Qe5+ Kh7 26. Qxe6 Rxf3 27. Bxf3 Qe8 28. Qd5 Qe3 29. Qc6 Qe7 30. Qxa6 Nc4 31. Qc6 Qe5 32.
Qd7+ Kh6 33. c3 b4 34. Qd4 Qf5+ 35. Be4 Qg4 36. b3 Nd6 37. Bf3 Qf5+ 38. Kb2 bxc3+ 39. Qxc3 Nb5 40. Qd2+ Kh7 41. Qd7+ Kh6 42. Qxf5 gxf5 43.
Rd5 Kg6 44. Rc5 Kf6 45. Bxh5 f4 46. Bf3 Ke6 47. h5 Kd6 48. Rd5+ Ke6 49. h6 Nd6 50. h7 Rh8 51. Rh5 Kf6 52. Bd5 Kg6 53. Rh4 Rxh7 54. Rxf4 Kg5 55. Rf2 Re7 56. Bf3 Re3 57. Rd2 Kf4 58.
a4 Ke5 59. Re2 Rxe2+ 60. Bxe2 Kd4 61. a5 Kc5 62. a6 Kb6 63. g4 Ne4 64. Bd3 Nc5 65.
Bf5 Nxa6 66. g5 Nb8 67. g6 Nc6 68. g7 Ne7 69. Be6 1-0

[Event "GrandPrix_30.05"]
[Site "Chess.com"]
[Date "2020.05.30"]
[Round "1"]
[White "Olga_Girya"]
[Black "chessfreak35"]
[Result "0-1"]
[WhiteElo "2144"]
[BlackElo "2549"]
[TimeControl "600+2"]
[EndTime "8:25:02 PDT"]
[Termination "chessfreak35 won by resignation"]

1. d4 Nf6 2. c4 e6 3. Nf3 d5 4. Nc3 Bb4 5. cxd5 exd5 6. Qa4+ Nc6 7. Bg5 h6 8. Bxf6 Qxf6 9. e3 O-O 10. Be2 Rd8 11.
O-O Bf8 12. a3 Ne7 13. b4 g5 14. Qb3 c6 15. b5 Ng6 16. bxc6 bxc6 17. Rfc1 Bd6 18.
Nd2 Rb8 19. Qc2 g4 20. Nf1 Nh4 21. Ng3 Nf5 22. Bd3 Nxg3 23. hxg3 Bd7 24. Rd1 h5 25. e4 Qg5 26. e5 Be7 27. Ne2 h4 28.
gxh4 Qxh4 29. Bf5 Bxf5 30. Qxf5 Qg5 31. Ng3 Rb6 32. a4 Qxf5 33. Nxf5 Bg5 34. a5 Rb4 35. a6 Kh7 36. Nd6 Kg6 37. Nb7 Rc8 38. Rab1 Rc4 39. Nd6 Rd8 40. Nxc4 dxc4 41. Rb7 c3 42.
Rxa7 c2 43. Rf1 c1=Q 44. Rxc1 Bxc1 45. Rc7 Bb2 46. Rxc6+ Kg7 47. a7 Ra8 48. Rc7 Bxd4 49. e6 Bxa7 50. Rxf7+ Kg6 51. Rf4 Kg5 52. Re4 g3 53. e7 Bxf2+ 54. Kf1 Re8 55. Ke2 Kf6 56. Kf3 Rxe7 57. Rf4+ Kg6 58. Rg4+ Kf7 59. Rf4+ Ke6 60. Kg4 Rg7+ 61. Kh3 Rh7+ 62. Kg4 Ke5 63. Rf5+ Ke4 64.
Rf8 Ke3 65. Re8+ Kd2 66. Re4 Rh1 67. Kf3 Re1 68. Ra4 Re3+ 69. Kg4 Ke2 70. Ra2+ Kf1 71. Kh3 Re8 72. Ra1+ Be1 73. Ra2 Rh8+ 74. Kg4 Bf2 75. Kf3 Rf8+ 76. Kg4 Kxg2 0-1

[Event "GrandPrix_30.05"]
[Site "Chess.com"]
[Date "2020.05.30"]
[Round "1"]
[White "Artur0208"]
[Black "Martin_Petrov2000"]
[Result "1/2-1/2"]
[WhiteElo "2282"]
[BlackElo "2032"]
[TimeControl "600+2"]
[EndTime "8:25:03 PDT"]
[Termination "Game drawn by agreement"]

1. d4 Nf6 2. c4 e6 3. Nf3 b6 4. g3 Ba6 5. Qc2 c5 6. d5 exd5 7. cxd5 Bb7 8. Bg2 Nxd5 9. O-O Be7 10. Rd1 Nc6 11. Qa4 Nf6 12. Nc3 O-O 13. Bg5 h6 14.
Bxf6 Bxf6 15. Rd2 Na5 16. Rxd7 Qe8 17. Qd1 Rd8 18. Rxd8 Qxd8 19. Qc2 Qe7 20. Rd1 Rd8 21. h4 Nc4 22. b3 Rxd1+ 23. Nxd1 Nd6 24. Ne3 Qe6 25.
Qd3 Be4 26. Qa6 Qd7 27. Nd2 Bxg2 28. Kxg2 Nb5 29. Ne4 Bd4 30. Nc2 f5 31. Nxd4 Nxd4 32. Nc3 f4 33. Qc4+ Kh8 34. Qd3 Qc6+ 35. Ne4 fxg3 36. fxg3 Qe6 37. Kh2 Qf5 38. Kg2 a5 39. Nd6 Qd5+ 40. Ne4 a4 41. e3 axb3 42. axb3 Qxb3 43. Qxb3 Nxb3 44. Nc3 Nd2 45. Kf2 Kg8 46.
Ke2 Nc4 47. Kd3 Nd6 48. e4 Kf7 49. Na4 Nc8 50. e5 Ke6 51. Ke4 c4 52. Nc3 Ne7 53. Ne2 Kd7 54. Nd4 g6 55. Nc2 b5 56. g4 Nc6 57. Kd5 c3 58. e6+ Kc7 59. Kc5 b4 60. e7 Nxe7 61. Nxb4 h5 62. gxh5 gxh5 63. Kc4 Kd6 64. Kxc3 Ke5 65. Kd3 Kf4 66. Ke2 Nf5 67. Kf2 Nxh4 68. Nd5+ Kg5 69. Ne3 Nf5 70. Nxf5 Kxf5 71.
Kg3 Kg5 1/2-1/2

[Event "GrandPrix_30.05"]
[Site "Chess.com"]
[Date "2020.05.30"]
[Round "1"]
[White "Anton_Demchenko"]
[Black "tacticthunder"]
[Result "1/2-1/2"]
[WhiteElo "2619"]
[BlackElo "2201"]
[TimeControl "600+2"]
[EndTime "8:25:07 PDT"]
[Termination "Game drawn by repetition"]

1. d4 Nf6 2. Nf3 e6 3. Bf4 c5 4.
e3 Nc6 5. Nbd2 d5 6. c3 Bd6 7. Bg3 O-O 8. Bd3 Qe7 9. Ne5 Bxe5 10. dxe5 Nd7 11. Nf3 f6 12. exf6 Nxf6 13. Ne5 Nxe5 14. Bxe5 b6 15. O-O Bb7 16. c4 Rad8 17. Qe2 Ne4 18. f3 Ng5 19. b3 Nf7 20. Bg3 Nd6 21. Rae1 Nf5 22. Bf2 Nh4 23. e4 d4 24.
Bxh4 Qxh4 25. g3 Qe7 26. f4 e5 27. f5 Rd6 28. Rf2 g6 29. Ref1 Rdf6 30. Qg4 Qg7 31. fxg6 hxg6 32. Qg5 Rxf2 33. Rxf2 Rxf2 34. Kxf2 Kf7 35.
Ke2 Qf6 36. Qg4 Ke7 37. h4 Bc6 38. Qf3 Bd7 39. Qxf6+ Kxf6 40. Kf3 g5 41. h5 g4+ 42.
Kf2 Kg5 43. Ke2 Kxh5 44. Bc2 Kg5 45. Kd3 Kf6 46. Bd1 a6 47. a4 b5 48. a5 Kg5 49.
Bc2 Bc6 50. Bd1 Be8 51. Bc2 Bd7 52. Bd1 Bc6 53. Bc2 Kf6 54. Bd1 Bd7 55. Bc2 Ke7 56. Bd1 Kd6 57. Bc2 bxc4+ 58. bxc4 Be6 59. Bd1 Ke7 60.
Bc2 Kf6 61. Ba4 Ke7 62. Bc6 Bc8 63. Ba4 Kd6 64. Bd1 Bd7 65. Bc2 Kc7 66. Bb3 Kd6 67. Bd1 Kc7 68. Bc2 Kd6 69. Bd1 Ke7 70. Bb3 Kf6 71. Bc2 Ke7 72. Bd1 Kd6 73. Bc2 1/2-1/2

[Event "GrandPrix_30.05"]
[Site "Chess.com"]
[Date "2020.05.30"]
[Round "1"]
[White "Keks2017"]
[Black "am00ss00"]
[Result "1-0"]
[WhiteElo "2386"]
[BlackElo "2056"]
[TimeControl "600+2"]
[EndTime "8:25:18 PDT"]
[Termination "Keks2017 won by resignation"]

1. e4 d6 2. d4 Nf6 3. Nc3 g6 4. Be3 Nbd7 5. f3 c6 6. Qd2 b5 7.
g4 Nb6 8. h4 h5 9. g5 Nfd7 10.
Nh3 Bg7 11. Nf2 b4 12. Ncd1 c5 13. c3 bxc3 14. bxc3 O-O 15. Be2 a5 16. O-O Ba6 17. Bxa6 Rxa6 18. Qe2 Ra7 19. Rb1 Qc7 20. f4 Rc8 21. d5 e6 22. c4 exd5 23. exd5 Re8 24. Qd3 Nf8 25. Bd2 Na4 26. Ne4 Qd7 27. Ndf2 Bd4 28.
Kg2 Nb2 29. Qc2 Rb7 30. Rfe1 Reb8 31. Bc3 Qf5 32. Bxd4 cxd4 33. Nf6+ Kh8 34. Qxf5 gxf5 35. Re8 a4 36. Nd3 a3 37. c5 Rxe8 38. Nxe8 dxc5 39.
Nxc5 Re7 40. Nf6 d3 41. d6 Re2+ 42. Kf3 Rc2 43. Nxd3 Rc3 44. Re1 Rxd3+ 45. Kg2 Rd2+ 46. Kg3 Rd3+ 47. Kg2 Rxd6 48. Re8 Kg7 49. Nxh5+ Kg6 50.
Nf6 Rxf6 51. gxf6 Ne6 52. Ra8 Nc4 53. Ra4 Ne3+ 54. Kg3 Nc2 55. Rc4 Ne3 56. Rc3 Nf1+ 57. Kf2 Nd2 58. Rxa3 Nxf4 59. Ra8 Ne4+ 60. Ke3 Nd5+ 61.
Kd4 Ndxf6 62. a4 f4 63. a5 f3 64. Rb8 f2 65. Rb1 Ng3 66. a6 Nd7 67. a7 Nb6 68. Rxb6+ f6 69. Rb1 f1=Q 70. Rxf1 Nxf1 71. a8=Q Ng3 72. Qg2 1-0

[Event "GrandPrix_30.05"]
[Site "Chess.com"]
[Date "2020.05.30"]
[Round "1"]
[White "GM_Levan_Pantsulaia"]
[Black "Haykos"]
[Result "1/2-1/2"]
[WhiteElo "2600"]
[BlackElo "2208"]
[TimeControl "600+2"]
[EndTime "8:25:22 PDT"]
[Termination "Game drawn - insufficient material"]

1. Nf3 Nf6 2. g3 d5 3. Bg2 c6 4. c4 dxc4 5. O-O Nbd7 6. Qc2 Nb6 7. a4 a5 8. Na3 Be6 9. Ne5 Bd5 10. e4 Be6 11.
Naxc4 Nxc4 12. Nxc4 Qd4 13. d3 Bxc4 14. dxc4 e5 15.
Be3 Qd7 16. Rad1 Qc7 17. Bh3 h6 18. Rd3 Be7 19. Rfd1 Rd8 20. Rxd8+ Bxd8 21. Qb3 O-O 22. f3 Re8 23. Kg2 b6 24. c5 bxc5 25. Bxc5 Be7 26. Qb6 Qxb6 27. Bxb6 Rb8 28. Bxa5 Rxb2+ 29. Rd2 Rb8 30.
Bc7 Ra8 31. Ra2 c5 32. Bxe5 c4 33. a5 Bb4 34. a6 c3 35. a7 Bc5 36. Bb8 Bxa7 37.
Bf4 c2 38. Bc1 Kh7 39. Kf1 Rd8 40. Rxc2 Rd1+ 41. Ke2 Rh1 42. Kd3 Bg1 43. Bb2 Rxh2 44. Bf5+ g6 45. Bxf6 Rxc2 46. Kxc2 gxf5 47. exf5 Bc5 48. g4 h5 49. Kd3 hxg4 50. fxg4 Kg8 51. Ke4 Bd6 52. g5 Bb4 53. Kd5 Bd2 54. Kd6 Bf4+ 55.
Ke7 Bd2 56. Ke8 Be3 57. Be7 Bd2 58. g6 fxg6 59. f6 Bh6 60. f7+ Kh7 61. Bg5 Bg7 62.
Kd7 Bf8 63. Ke6 Bg7 64. Be7 g5 65. Bxg5 Kg6 66. Be7 Bh6 67. Bd6 Bg7 68. Bf4 Bf8 69. Bd6 Bxd6 70. Kxd6 Kxf7 1/2-1/2

[Event "GrandPrix_30.05"]
[Site "Chess.com"]
[Date "2020.05.30"]
[Round "1"]
[White "Hrant_ChessMood"]
[Black "lelajavakhishvili"]
[Result "1-0"]
[WhiteElo "2859"]
[BlackElo "2238"]
[TimeControl "600+2"]
[EndTime "8:25:32 PDT"]
[Termination "Hrant_ChessMood won by resignation"]

1. d4 Nf6 2. c4 e6 3. Nf3 b6 4.
g3 Bb7 5. Bg2 Be7 6. O-O O-O 7.
Nc3 Ne4 8. Bd2 d6 9. Re1 Nd7 10.
Qc2 Nxd2 11. Nxd2 Bxg2 12. Kxg2 Bf6 13. Nf3 g6 14. Rad1 Bg7 15. h4 h6 16. e4 Qe7 17.
Ne2 c5 18. b3 a6 19. a4 cxd4 20. Nexd4 Rac8 21. Qb1 Rfd8 22. Re3 Nc5 23. Ne2 Qb7 24.
Ned4 Re8 25. Qc2 d5 26. exd5 exd5 27. Rxe8+ Rxe8 28. b4 Ne4 29. c5 bxc5 30. bxc5 Rc8 31. c6 Qb4 32. Qb1 Bf8 33. Qxb4 Bxb4 34. Rb1 a5 35. Rc1 Bc3 36. Rb1 Bb4 37. g4 Kf8 38. h5 Kg7 39. hxg6 fxg6 40. Rc1 Kf6 41. Nb5 Bc5 42.
c7 Ke6 43. Nd2 Ba3 44. Nxa3 Nxd2 45. Rc6+ Kd7 46. Rc5 Ne4 47. Rxd5+ Kxc7 48. Rxa5 Rf8 49. f3 Ng5 50. Rc5+ Kd6 51. Rc3 Ra8 52. Nb5+ Ke5 53.
Rc5+ Kf6 54. Rc6+ Kg7 55. Nc3 Nf7 56. f4 g5 57. f5 Ne5 58. Rc7+ Kf8 59. Kg3 Rb8 60.
a5 Ra8 61. Rc5 Nd3 62. Rb5 Rc8 63. Ne4 Rc4 64. Nf6 Rc3 65. Kg2 Ra3 66. Nd7+ Ke7 67. Nc5 Nf4+ 68. Kf2 Nh3+ 69. Ke1 Nf4 70. Kd2 Kf6 71.
Ne4+ Ke7 72. Rb7+ Kf8 73. Ra7 Nd5 74. Nc5 Nb4 75. Ne6+ Ke8 76. f6 Rd3+ 77. Ke2 Rd7 78. Rxd7 Kxd7 79. f7 1-0

[Event "GrandPrix_30.05"]
[Site "Chess.com"]
[Date "2020.05.30"]
[Round "1"]
[White "PresidenteMNE"]
[Black "Olghita64"]
[Result "0-1"]
[WhiteElo "2183"]
[BlackElo "2005"]
[TimeControl "600+2"]
[EndTime "8:25:32 PDT"]
[Termination "Olghita64 won by resignation"]

1. d4 d5 2. Nc3 Nf6 3. Bf4 a6 4.
e3 Bf5 5. f3 e6 6. g4 Bg6 7. h4 h6 8. h5 Bh7 9. Bd3 Bd6 10.
Nge2 c5 11. Bxh7 Nxh7 12. Qd2 Ng5 13. Bxg5 Qxg5 14. O-O-O Nc6 15. Rdg1 O-O-O 16. f4 Qe7 17. g5 Kb8 18. g6 f6 19. f5 Na5 20. fxe6 Qxe6 21.
dxc5 Bxc5 22. Nd4 Qe5 23. b3 Bb4 24. Qd3 Rhe8 25. Nd1 Rc8 26. Kb1 Ba3 27. Rf1 Qd6 28. Rf4 Rc7 29. Nf5 Qc5 30. Ra4 Nc6 31. c3 Ne5 32. Qd4 Nf3 33. Qf4 Nd2+ 34. Kc2 Ne4 35. c4 Re5 36. Nxg7 Rxg7 37. Qxh6 Ree7 38. Qh8+ Ka7 39. Qd8 Rd7 40. Qa5 Qxa5 41. Rxa5 Bc5 42. Nc3 b6 43. Nxe4 dxe4 44. Rxc5 bxc5 45. Rg1 Rd8 46.
h6 Rgd7 47. g7 Rd2+ 48. Kc1 Rh2 49. g8=Q Rxg8 50. Rxg8 Rxh6 51. Re8 f5 52. Re5 Kb6 53. Rxf5 Rh2 54. Re5 Rxa2 55. Rxe4 Ka5 56. Kb1 Re2 57. Re6 Kb4 58. Rb6+ Kc3 59. Rxa6 Kxb3 60. Rb6+ Kxc4 61. Kc1 Rxe3 62. Kd2 Rh3 63. Rg6 Rh2+ 64. Kc1 Kb3 65. Rg3+ Kb4 66. Rg4+ c4 67. Rg3 Rf2 68. Rh3 Rg2 69. Rf3 Rh2 70. Rg3 Ra2 71. Kb1 Rd2 72.
Rf3 Rd3 73. Rxd3 cxd3 74. Kb2 Kc4 75. Kb1 Kb3 76. Kc1 Kc3 0-1

[Event "GrandPrix_30.05"]
[Site "Chess.com"]
[Date "2020.05.30"]
[Round "1"]
[White "Bestromano"]
[Black "VerdeNotte"]
[Result "0-1"]
[WhiteElo "2201"]
[BlackElo "2750"]
[TimeControl "600+2"]
[EndTime "8:25:33 PDT"]
[Termination "VerdeNotte won by resignation"]

1. e4 e5 2. Nf3 Nc6 3. Bc4 Nf6 4. d3 h6 5. c3 Bc5 6. Nbd2 d6 7. Bb3 a6 8. Nf1 d5 9. Ng3 dxe4 10.
dxe4 Qxd1+ 11. Bxd1 Be6 12. Bb3 Bxb3 13. axb3 O-O-O 14. Ke2 Rd7 15. b4 Bb6 16. Be3 Bxe3 17. Kxe3 Rhd8 18.
Ke2 g6 19. Rhd1 Rxd1 20. Rxd1 Rxd1 21. Kxd1 Kd7 22. Ke2 Ke6 23. Nd2 Ne8 24. Kd3 f5 25.
Ne2 Nd6 26. f3 Nd8 27. g3 h5 28. h4 Nc6 29. Nf1 Ne7 30. Nd2 Ng8 31. Ng1 Nf6 32. Nh3 Nf7 33. Ke3 Ne8 34. b3 Ned6 35. Kd3 Nb5 36.
Nc4 Kf6 37. Ne3 c6 38. Nc4 fxe4+ 39. fxe4 Nbd6 40. Nxd6 Nxd6 41. Ng5 Nb5 42. Nf3 Nc7 43. Ng5 Ke7 44. Nf3 Kd6 45. Ng5 Kd7 46. Nf7 Ke6 47. Nd8+ Ke7 48. Nxb7 Ne6 49. Nc5 Nc7 50. c4 Kd6 51.
Kc3 Ke7 52. Kb2 g5 53. Kc3 gxh4 54. gxh4 Kd6 55. Kb2 Ke7 56. Ka3 Ne8 57. Nxa6 Nd6 58. Nc5 Nf7 59. Kb2 Nh8 60. b5 cxb5 61. cxb5 Kd6 62. b6 Ng6 63. b7 Kc7 64. Kc3 Nxh4 65.
Kb4 Nf3 66. Ka5 Nd4 67. Ka6 Nc6 68. Kb5 h4 69. Nd3 h3 70. Nf2 h2 71. Kc5 Kxb7 72. b4 Kc7 73. Kd5 Nxb4+ 74. Kxe5 Nd3+ 75. Nxd3 h1=Q 76. Kd4 Qg1+ 77. Kd5 Qd1 78. Kc4 Qe2 79. Kd4 Qd2 80. Kc4 Qe3 81. e5 Qe4+ 82. Kc3 Kb6 0-1

[Event "GrandPrix_30.05"]
[Site "Chess.com"]
[Date "2020.05.30"]
[Round "1"]
[White "Sergey_Krivenko"]
[Black "khekhm"]
[Result "0-1"]
[WhiteElo "2096"]
[BlackElo "2431"]
[TimeControl "600+2"]
[EndTime "8:25:34 PDT"]
[Termination "khekhm won by resignation"]

1. d4 Nf6 2. Nf3 g6 3. Bg5 Bg7 4. Nbd2 d5 5. e3 O-O 6. Be2 Bf5 7. O-O Nbd7 8. c3 c5 9. Qb3 b6 10. a4 h6 11. Bh4 g5 12. Bg3 e6 13. Qa3 c4 14. b3 cxb3 15. Qxb3 Qe7 16. Rfc1 Nh5 17. c4 Nxg3 18. hxg3 dxc4 19. Nxc4 Rab8 20. Bd3 Bxd3 21. Qxd3 Rfc8 22. Qb3 Rc7 23. Na3 Nf6 24. Rxc7 Qxc7 25. Nb5 Qe7 26. Rc1 a6 27. Nc3 Qb7 28. Ne5 Nd7 29. Nxd7 Qxd7 30. Ne4 Qb7 31. f3 Bf8 32. d5 exd5 33. Nf6+ Kg7 34. Qc3 Kg6 35. g4 Bg7 36. Qd3+ Kxf6 37. Qc3+ Ke6 38. Qxg7 Rc8 39. Qxh6+ f6 40.
Rd1 Qc7 41. e4 dxe4 42. Qg6 Qc5+ 43. Kf1 Qe5 44. Re1 e3 45. Qd3 Rc3 46. Qxa6 Qd4 47. Qb7 Rc2 48. Qe4+ Qxe4 49. fxe4 Rc4 50. Rxe3 Rxa4 51.
Rb3 Rxe4 52. Rxb6+ Ke5 53. Rb5+ Ke6 54. Kf2 Rxg4 55. g3 Rd4 56. Rb2 Kf5 57. Kf3 Rd3+ 58. Kg2 Ke4 59. Rb4+ Rd4 60. Rb2 Rd3 61. Rb6 f5 62.
Re6+ Kd5 63. Rg6 g4 64. Rf6 Rd2+ 65. Kg1 Ke4 66. Kf1 Ra2 67. Rf8 Rb2 68. Rf7 Rb1+ 69.
Kf2 Rb2+ 70. Kf1 Rb5 71. Rf8 Kf3 72. Rc8 Kxg3 73. Rc3+ Kh4 0-1

[Event "GrandPrix_30.05"]
[Site "Chess.com"]
[Date "2020.05.30"]
[Round "1"]
[White "ehrenfeld"]
[Black "Petriashvili02"]
[Result "0-1"]
[WhiteElo "1926"]
[BlackElo "2279"]
[TimeControl "600+2"]
[EndTime "8:25:34 PDT"]
[Termination "Petriashvili02 won on time"]

1. e4 c6 2. d4 d5 3. exd5 cxd5 4. Bd3 Nc6 5. c3 Nf6 6. Bf4 g6 7. Nf3 Bg7 8. O-O O-O 9. Re1 b6 10. Nbd2 Bb7 11. h4 e6 12. Nf1 Nh5 13. Bg5 Qd6 14.
N1h2 f6 15. Bd2 e5 16. dxe5 fxe5 17. Ng5 e4 18. Bf1 Rxf2 19. Be3 Rxb2 20. Nxe4 Qd8 21. Bg5 Qd7 22. Qc1 dxe4 23. Qxb2 Ne5 24. Rad1 Qc7 25. Qb3+ Kh8 26. Qe6 Rf8 27. Qe7 Qxe7 28. Bxe7 Re8 29.
Bb5 Rc8 30. Rd8+ Rxd8 31. Bxd8 Nf4 32. Bc7 Ned3 33. Bxd3 Nxd3 34. Rf1 Bxc3 35. Rf7 e3 36. Kf1 Ba6 37. Kg1 e2 38. Nf3 e1=Q+ 39. Nxe1 Nxe1 40. Bb8 Bd4+ 41. Kh2 Bc4 42. Rxa7 Nc2 43. Rd7 Kg8 44. Bc7 b5 45. a3 Be6 46. Re7 Bc4 47. Bd6 Bf6 48. Rb7 Bxh4 49. Kh3 Bf6 50. g4 Nd4 51.
Kg3 Bd5 52. Ra7 Be6 53. Kf4 Ne2+ 54. Ke3 Nc3 55. Kf3 Nd5 56. Ke4 h5 57. gxh5 gxh5 58. Be5 Be7 59. Ra8+ Kf7 60. Rh8 Nf6+ 61. Bxf6 Kxf6 62.
Rxh5 Bc4 63. Rh3 Ke6 64. Kd4 Kd6 65. Rh6+ Be6 66. Rg6 Kd7 67. Rg3 Kc6 68. Rc3+ Kb6 69. Rd3 Bc5+ 70. Ke5 Bc4 71. Rh3 Ka5 72. Ke4 Ka4 73.
Rh8 Bxa3 74. Ra8+ Kb4 75. Ke3 Bc1+ 76. Kd4 Bb2+ 77. Ke3 Kc3 78. Rd8 b4 79. Rc8 b3 80.
Rc7 Ba3 81. Rb7 Bb4 0-1

[Event "GrandPrix_30.05"]
[Site "Chess.com"]
[Date "2020.05.30"]
[Round "1"]
[White "Durarbayli"]
[Black "BlackBoarder"]
[Result "1-0"]
[WhiteElo "2549"]
[BlackElo "2159"]
[TimeControl "600+2"]
[EndTime "8:25:35 PDT"]
[Termination "Durarbayli won by resignation"]

1. e4 e6 2. d4 d5 3. e5 c5 4. c3 Nc6 5. Nf3 Bd7 6. Be2 f6 7. O-O fxe5 8. dxe5 Nh6 9. Bxh6 gxh6 10. c4 d4 11. Re1 Qc7 12. Nbd2 O-O-O 13. Bd3 Bg7 14. Qe2 Be8 15. Be4 Bg6 16. a3 a6 17. Bxg6 hxg6 18. Rab1 a5 19. Qd3 g5 20. h3 Kb8 21.
Re4 Rhf8 22. Rbe1 Rf5 23. Nf1 Bh8 24. N1h2 Rdf8 25. R1e2 h5 26. g4 hxg4 27. hxg4 Rf4 28. Kg2 Rxe4 29. Qxe4 Qg7 30. Qd3 Rf4 31. Qd2 Qh6 32.
Qd3 Qg7 33. Qb1 Kc7 34. b3 b6 35. Qd3 Qh6 36. Re1 Bg7 37. Qb1 Bf8 38. Re4 Qg6 39. Re1 Qg7 40. Qc2 Be7 41. Qe2 Qf7 42. Ng1 Bf8 43. Nh3 d3 44. Qxd3 Rd4 45. Qf3 Qe7 46. Nxg5 Bg7 47. Qf7 Qxf7 48. Nxf7 Rd7 49. Ng5 Nd4 50.
Nhf3 Nxb3 51. Nxe6+ Kc6 52. Nxg7 Rxg7 53. e6 Re7 54.
Nh4 Nd4 55. Nf5 Re8 56. e7 Kd7 57. Nxd4 cxd4 58. Rd1 Rxe7 59. Rxd4+ Kc6 60. g5 Kc5 61. Rg4 Rg7 62. g6 Kd6 63. Kg3 Ke5 64. f4+ Kd4 65.
f5+ Ke5 66. Rg5 a4 67. Kg4 Kf6 68. Kh5 Rg8 69. g7 Kf7 70. Kh6 Kf6 71. Rg1 Kxf5 72. Kh7 Rxg7+ 73. Rxg7 Ke4 74. Ra7 b5 75. cxb5 1-0

[Event "GrandPrix_30.05"]
[Site "Chess.com"]
[Date "2020.05.30"]
[Round "1"]
[White "guylevin1"]
[Black "Magicmaster17"]
[Result "1/2-1/2"]
[WhiteElo "2125"]
[BlackElo "2419"]
[TimeControl "600+2"]
[EndTime "8:25:53 PDT"]
[Termination "Game drawn by repetition"]

1. c4 g6 2. Nf3 Bg7 3. g3 c6 4. Bg2 d5 5. cxd5 cxd5 6. d4 Nf6 7. Nc3 O-O 8. Ne5 b6 9. O-O Bb7 10. Bf4 Nc6 11. Nxc6 Bxc6 12. Be5 Qd7 13. Qd2 Rfc8 14. Rac1 e6 15. Rc2 b5 16. a3 a5 17.
Na2 Ne8 18. Bxg7 Kxg7 19. Rfc1 Nd6 20. b3 a4 21. bxa4 Nc4 22. Qf4 Rxa4 23. Nb4 Rxa3 24. Nd3 Qe7 25. h4 Qf6 26. Qg4 h5 27. Qg5 Rca8 28.
Ne5 Qxg5 29. hxg5 Nxe5 30. dxe5 Be8 31. Rb2 Ra1 32. Rxa1 Rxa1+ 33. Bf1 d4 34. Rb4 Ra4 35. Rb3 Bc6 36. f4 b4 37. Rd3 Ra3 38. Rxd4 Rxg3+ 39. Kf2 Rb3 40. Rd6 Bd5 41. Bg2 Bxg2 42. Kxg2 Rc3 43. Rb6 b3 44. Kf2 Kf8 45. Rb7 h4 46. Kg2 Kg7 47. Rb4 Re3 48. Kf2 h3 49. Kxe3 h2 50.
Rxb3 h1=Q 51. Rb4 Qg1+ 52. Kd2 Qc5 53. Re4 Qf2 54. Kd3 Qf1 55. Kd2 Qb1 56. Rd4 Qb2+ 57. Ke3 Qc1+ 58. Kf2 f6 59. exf6+ Kf7 60. e3 e5 61. Rd7+ Ke6 62. Re7+ Kf5 63. f7 Qd2+ 64. Kf1 Qd1+ 65. Kf2 Qd2+ 66. Kf1 Qd3+ 67. Kf2 Qc2+ 68.
Kf1 Qb1+ 69. Kf2 Qa2+ 70. Kf1 Kg4 71. f8=Q Qb1+ 72. Ke2 Qc2+ 73. Ke1 Qc1+ 74. Ke2 Qc2+ 75. Ke1 Kf3 76. fxe5+ Kxe3 77. Kf1 Qd1+ 78. Kg2 Qg4+ 79.
Kh2 Qh4+ 80. Kg2 Qg4+ 81. Kh2 Qh4+ 82. Kg2 Qg4+ 1/2-1/2

[Event "GrandPrix_30.05"]
[Site "Chess.com"]
[Date "2020.05.30"]
[Round "1"]
[White "Margency"]
[Black "SamadovRead"]
[Result "1/2-1/2"]
[WhiteElo "2232"]
[BlackElo "1973"]
[TimeControl "600+2"]
[EndTime "8:26:08 PDT"]
[Termination "Game drawn by stalemate"]

1. e4 c5 2. Nf3 d6 3. d4 cxd4 4.
Nxd4 Nf6 5. Nc3 e6 6. g4 h6 7.
h4 Nc6 8. Rg1 h5 9. gxh5 Nxh5 10. Bg5 Nf6 11. Be2 Qb6 12. Nb3 a6 13.
Qd2 Bd7 14. Rg2 Be7 15. O-O-O O-O-O 16. Be3 Qc7 17. Rxg7 Rxh4 18. Rxf7 Be8 19. Rg7 Nxe4 20. Nxe4 Rxe4 21. Kb1 Rd7 22. Rh1 Rh4 23. Rhg1 Rh8 24. a4 Bf6 25. R7g3 Ne5 26. Bd4 Rf7 27. a5 Nc6 28. Bb6 Qe7 29. f4 Rg7 30. Rxg7 Bxg7 31.
Bg4 Bd7 32. c3 Bh6 33. Be3 Rg8 34. Rg2 Rf8 35. Ka2 Kb8 36. Rh2 Bg7 37. Bb6 Bc8 38.
Rh7 Rh8 39. Rxg7 Qxg7 40. Qxd6+ Ka8 41. Bxe6 Bxe6 42. Qxe6 Qg8 43. Nc5 Qxe6+ 44. Nxe6 Rh5 45. b4 Kb8 46. Kb3 Kc8 47. Kc4 Ne7 48. Bd4 Kd7 49. Ng7 Rh7 50. f5 Nc6 51. Ne6 Rf7 52. Nc5+ Kc8 53. Ne4 Kd7 54. f6 Rf8 55. Bc5 Rf7 56. Kd5 Rh7 57. Ng5 Rh5 58. Be3 Nd8 59. Ke5 Nf7+ 60.
Kf5 Nd6+ 61. Kg6 Rh1 62. Bc5 Rf1 63. f7 Nxf7 64. Nxf7 Kc7 65. Ne5 Re1 66. Bd4 Re2 67. Kf5 Kd6 68. c4 Re1 69. Bc5+ Kc7 70. Ke6 Re4 71. Kd5 Rh4 72. b5 axb5 73. cxb5 Ra4 74. Bb6+ Kc8 75. Nc4 Rb4 76. Kc5 Rb1 77. Nd6+ Kb8 78.
Bd8 Rc1+ 79. Kb6 Rd1 80. Bc7+ Ka8 81. a6 bxa6 82. Kxa6 Rxd6+ 83. Bxd6 1/2-1/2